AoeStats
← Taskyr

Arena

508759695Analyzed
1v1 RM · 9d ago on Sep 23, 2026· 29m 20s· 2 players
Game mode
Random Map
Map size
Tiny (2 player)
Population
200
Speed
Normal
Resources
Standard
Victory
Conquest
Starting age
Dark Age
Ending age
Imperial Age
RankedLock teamsTeams togetherTeam positionsShared explorationLock speedFull tech treeHidden civsTurbo modeCheats
Victory
Defeat
🇨🇦 Celts · Canada
735
+16
🇺🇸 Byzantines · United States
737
-24
oopygoopy67
7:13 Loom
9:38 Feudal Age
10:12 Town Watch
18:46 Castle Age
17:13 Double-Bit Axe
17:27 Horse Collar
19:51 Forging
20:38 Man-at-Arms
27:01 Heavy Plow
Taskyr
4:54 Loom
11:13 Feudal Age
12:29 Horse Collar
16:04 Fletching
16:18 Scale Mail Armor
18:07 Double-Bit Axe
24:27 Castle Age
25:43 Bow Saw
25:34 Heavy Plow
25:32 Pikeman
26:09 Bodkin Arrow
26:30 Forging
Connection lost

Rejoining the realm…

Still unreachable

The connection could not be restored.

Session expired

The server has moved on; the page needs a fresh start.